 Dungeon Crawl Stone Soup version 0.28.0-45-g0d030f2227 (webtiles) character file.

Game seed: 14896085498783761271

565 MalarOregon the Magician (level 7, -3/81 HPs)
             Began as a Palentonga Hedge Wizard on Apr 23, 2022.
             Was a Follower of Makhleb.
             Succumbed to an orc wizard's poison
             ... on level 5 of the Dungeon.
             The game lasted 00:16:39 (7829 turns).

MalarOregon the Magician (Palentonga Hedge Wizard)  Turns: 7829, Time: 00:16:40

Health: -3/81      AC: 23    Str: 14    XL:     7   Next: 10%
Magic:  20/20      EV:  1    Int: 16    God:    Makhleb [*.....]
Gold:   218        SH:  0    Dex:  7    Spells: 6/14 levels left

rFire   . . .      SeeInvis +   b - +0 falchion (elec)
rCold   . . .      Faith    .   (no shield)
rNeg    . . .      Spirit   .   (armour currently unavailable)
rPois   +          Reflect  .   (helmet currently unavailable)
rElec   .          Harm     .   (cloak currently unavailable)
rCorr   .          Rampage  .   (gloves currently unavailable)
Will    .....      NoTele   +   (no barding)
Stlth   +.........              (no amulet)
HPRegen 0.23/turn               s - +4 ring of evasion
MPRegen 0.17/turn               r - ring of magical power

@: mighty, lethally poisoned (-3 -> -20), tree-form, very slightly contaminated
A: stationary, stasis, torment immunity, boosted hp, large, rugged brown scales
3, see invisible, (deformed body), (roll 1), (armoured tail), (reflexive curl),
clumsy 1, low MP 1
a: Renounce Religion


You were on level 5 of the Dungeon.
You worshipped Makhleb.
Makhleb was aware of your devotion.
You were a tree.
You visited 2 branches of the dungeon, and saw 6 of its levels.

You collected 218 gold pieces.


Innate Abilities, Weirdness & Mutations

You are a tree.
Your roots penetrate the ground, keeping you stationary.
You cannot be teleported.
You are immune to unholy pain and torment.
Your maximum health is greatly increased.
Your equipment is partially melded.
(You are completely covered in rugged brown scales. (AC +3, +7% HP))
You have supernaturally acute eyesight. (SInv)
((Armour fits poorly on your strangely shaped body.))
((You can roll at nearby foes to attack.))
((You have a long armoured tail.))
((You curl defensively after being hit. (AC +7*)))
You are clumsy. (Dex -2)
Your magical capacity is low. (-10% MP)


   Skills:
 * Level 2.8 Fighting
 + Level 1.6 Armour
 + Level 2.4 Dodging
 - Level 1.2 Stealth
 * Level 4.1 Spellcasting
 * Level 2.2 Conjurations
 * Level 2.0 Summonings
 * Level 2.1 Translocations
 * Level 1.4 Air Magic
 * Level 1.5 Poison Magic


You had 6 spell levels left.
You knew the following spells:

 Your Spells              Type           Power      Damage    Failure   Level
a - Magic Dart            Conj           40%        1d5       7%          1
b - Blink                 Tloc           20%        N/A       11%         2
f - Mephitic Cloud        Conj/Pois/Air  8%         N/A       24%         3
x - Call Imp              Summ           9%         N/A       11%         2

Your spell library contained the following spells:

 Spells                   Type           Power      Damage    Failure   Level
 Slow                     Hex            12%        N/A       17%         1
 Conjure Flame            Conj/Fire      6%         6-21      32%         3
 Ignite Poison            Fire/Tmut/Pois 4%         N/A       38%         3
 Sticky Flame             Conj/Fire      6%         2d3       71%         4

Inventory:

Hand Weapons
 a - a +0 dagger of draining
   (You found it on level 3 of the Dungeon)
 b - a +0 falchion of electrocution (weapon)
   (You took it off an orc on level 4 of the Dungeon)
Missiles
 k - a throwing net {!f}
Armour
 c - a +0 hat (melded)
 e - a +0 ring mail (melded)
   (You found it on level 1 of the Dungeon)
Jewellery
 p - a ring of ice
   (You found it on level 4 of the Dungeon)
 r - a ring of magical power (right branch)
   (You found it on level 5 of the Dungeon)
 s - a +4 ring of evasion (left branch)
   (You found it on level 5 of the Dungeon)
Scrolls
 d - a scroll of silence {unknown}
 f - 4 scrolls of fog {unknown}
 h - 3 scrolls of identify {unknown}
 l - a scroll of blinking {unknown}
 m - a scroll of enchant armour {unknown}
 q - 2 scrolls of teleportation {unknown}
Potions
 g - a potion of curing {unknown}

Dungeon Overview and Level Annotations

Branches:
Dungeon (5/15)             Temple (1/1) D:4

Altars:
Ashenzari
Cheibriados
Dithmenos
Elyvilon
Fedhas
Gozag
Hepliaklqana
Makhleb
Nemelex Xobeh
Okawaru
Qazlal
Ru
Sif Muna
Trog
Uskayaw
Vehumet
Wu Jian
Xom
Yredelemnul
Zin
The Shining One

Shops:
D:3 :

Annotations:
D:3 1 runed translucent door, Crazy Yiuf

#+# #.# #♣#
####o# ##.#
#####
+..oo#....##
....#
##..).......
....# #+#
#.#########
....#
#.####.....#
#####
#.#.....##.#
.#
####>#.#...#
.#
#........#.#


You could see 2 orc wizards and an orc.


Message History

You closely miss the orc. The orc completely misses you.
You closely miss the orc wizard.
Your tail-slap misses the orc wizard.
Casting: Magic Dart (safe; 14% risk of failure)
Confirm with . or Enter, or press ? or * to list all spells.
A shadowy apparition takes form in the air.
The orc wizard points at you and mumbles some strange words.
You resist with some effort.
You barely miss the orc wizard. The orc closely misses you.
The orc wizard casts a spell at you.
You are confused.
Are you sure you want to stumble around while confused and next to your shadow imp?
Okay, then.
The orc misses you.
The orc wizard hits you with a +0 dagger of venom.
You are poisoned.
You feel very sick. The orc hits you with a +0 mace. The orc wizard misses you.
What are your orders? t - Shout!
Anything else - Cancel.
Okay, then.
Are you sure you want to stumble around while confused and next to your shadow imp?
You feel very sick.
The orc wizard hits you but does no damage.
You are more poisoned.
Are you sure you want to stumble around while confused and next to your shadow imp?
You're too confused to move!
You feel very sick.
The orc hits your shadow imp with a +0 mace.
The orc wizard hits you but does no damage.
You are more poisoned.
The orc wizard points at you and mumbles some strange words.
The magic dart hits the orc wizard!
Okay, then.
Are you sure you want to stumble around while confused and next to your shadow imp?
You're too confused to move!
You feel less confused.
You feel very sick.
The orc hits your shadow imp with a +0 mace.
The orc wizard casts a spell at your shadow imp.
Your shadow imp appears confused.
Your shadow imp hits you but does no damage.
Your shadow imp hits itself.
Your shadow imp dies!
Your shadow imp disappears in a puff of smoke!
You feel very sick.
The orc wizard hits you but does no damage.
You are more poisoned.
You feel very sick.
You closely miss the orc. You tail-slap the orc.
You feel very sick. The orc hits you with a +0 mace.
* * * LOW HITPOINT WARNING * * *
You aren't carrying any items that you can evoke.
Okay, then.
Casting: Call Imp (safe; 22% risk of failure)
Confirm with . or Enter, or press ? or * to list all spells.
Aiming: Magic Dart (safe; 14% risk of failure)
Press: ? - help, Shift-Dir - straight line, f - orc wizard
Aim: an orc wizard, wielding a +0 dagger of venom and wearing a +0 robe (severely wounded, slightly transparent, 100% to hit)
The magic dart hits the orc wizard.
You feel very sick.
Casting: Magic Dart (safe; 14% risk of failure)
Confirm with . or Enter, or press ? or * to list all spells.
Aiming: Magic Dart (safe; 14% risk of failure)
Press: ? - help, Shift-Dir - straight line, f/p - orc wizard
Aim: an orc wizard, wielding a +0 dagger of venom and wearing a +0 robe (severely wounded, slightly transparent, 100% to hit)
The magic dart hits the orc wizard.
You feel sick. The orc wizard barely misses you.
Casting: Magic Dart (safe; 14% risk of failure)
Confirm with . or Enter, or press ? or * to list all spells.
Aiming: Magic Dart (safe; 14% risk of failure)
Press: ? - help, Shift-Dir - straight line, f/p - orc wizard
Aim: an orc wizard, wielding a +0 dagger of venom and wearing a +0 robe (almost dead, slightly transparent, 100% to hit)
You miscast Magic Dart.
You are very lightly contaminated with residual magic.
Nothing appears to happen.
You feel sick.
The orc wizard hits you with a +0 dagger of venom.
* * * LOW HITPOINT WARNING * * *
You are lethally poisoned!
It was a potion of might.
You feel very mighty all of a sudden.
* * * LOW HITPOINT WARNING * * *
You feel very sick.
The orc wizard hits you with a +0 dagger of venom.
* * * LOW HITPOINT WARNING * * *
You are more poisoned.
It was a potion of lignification.
You turn into a tree.
Your +0 hat melds into your body.
Your +0 ring mail melds into your body.
Your roots penetrate the ground.
* * * LOW HITPOINT WARNING * * *
You feel very sick.
The orc wizard hits you but does no damage.
Unknown command.
It was a potion of flight.
Your roots keep you in place.
* * * LOW HITPOINT WARNING * * *
You feel very sick.
The orc wizard hits you but does no damage.
It was a potion of mutation.
You feel extremely strange.
You feel less energetic.
You feel clumsy.
You die...

Skill      XL: |  1  2  3  4  5  6  7 |
---------------+----------------------+-----
Fighting       | 1 2 |  2.8
Armour         | 1 |  1.6
Dodging        | 2 |  2.4
Conjurations   | 1 2 |  2.2
Summonings     | 1 2 |  2.0
Air Magic      | 1 |  1.4
Poison Magic   | 1 |  1.5
Spellcasting   | 4 |  4.1
Translocations | 2 |  2.1
Stealth        | |  1.2

Action                   |  1- 3 |  4- 6 |  7- 9 || total
-------------------------+-------+-------+-------++-------
Melee: Dagger            |   143 |   122 |       ||   265
       Tailslap          |    15 |    22 |     1 ||    38
       Punch             |     2 |     6 |       ||     8
       Falchion          |       |    45 |    10 ||    55
 Cast: Magic Dart        |    68 |   103 |     9 ||   180
       Call Imp          |       |     2 |     1 ||     3
       Blink             |       |     1 |       ||     1
 Abil: Rolling Charge    |       |     2 |       ||     2
Evoke: Wand              |       |     4 |       ||     4
  Use: Potion            |       |       |     4 ||     4
Armor: Ring mail         |    71 |    87 |     4 ||   162
       Robe              |     5 |       |       ||     5
       Skin              |       |       |     2 ||     2
Dodge: Dodged            |    66 |    78 |     6 ||   150

Levels and vault maps discovered:
D:1:      dpeg_arrival_tiny_a, layout_basic, basic_ecumenical_altar
D:2:      layout_rooms
D:3:      minmay_octagon_keep, layout_loops_cross, serial_shops, shop,
          uniq_crazy_yiuf_cottage
D:4:      layout_cave_pods, minmay_temple_entry_trees, saegor_snake_ambush
D:5:      kennysheep_slugbush, layout_basic
Temple:   mainiacjoe_temple_archimedes_tessellation

Notes
Turn   | Place    | Note
-------+----------+-------------------------------------------
     0 | D:1      | MalarOregon the Palentonga Hedge Wizard began the quest for
                  | the Orb.
     0 | D:1      | Reached XP level 1. HP: 13/13 MP: 4/4
   305 | D:1      | Reached XP level 2. HP: 16/21 MP: 6/6
   314 | D:1      | Reached skill level 1 in Fighting
  1217 | D:1      | Reached XP level 3. HP: 27/27 MP: 7/7
  1241 | D:1      | Found a faded altar of an unknown god.
  1799 | D:2      | Reached skill level 1 in Armour
  1799 | D:2      | Reached skill level 2 in Dodging
  2350 | D:1      | Learned a level 2 spell: Blink
  2353 | D:1      | Learned a level 2 spell: Call Imp
  2357 | D:1      | Learned a level 3 spell: Mephitic Cloud
  2991 | D:3      | Noticed a black bear
  3073 | D:3      | Found Totaik's Book Shop.
  3159 | D:3      | Reached XP level 4. HP: 35/35 MP: 9/9
  3493 | D:3      | Reached skill level 1 in Conjurations
  3661 | D:3      | Reached skill level 1 in Summonings
  3667 | D:3      | HP: 6/35 [orc/+0 dagger (3)]
  3977 | D:3      | Reached skill level 2 in Fighting
  4220 | D:3      | Killed a black bear
  4220 | D:3      | HP: 6/35 [frozen (5)]
  4221 | D:3      | Reached skill level 1 in Air Magic
  4221 | D:3      | Reached XP level 5. HP: 7/40 MP: 6/10
  4754 | D:3      | Reached skill level 1 in Poison Magic
  4836 | D:3      | Found a runed translucent door.
  4837 | D:3      | Noticed Crazy Yiuf
  4993 | D:4      | Found a staircase to the Ecumenical Temple.
  5024 | D:4      | Noticed a necrophage
  5047 | Temple   | Entered the Ecumenical Temple
  5244 | Temple   | Became a worshipper of Makhleb the Destroyer
  5288 | D:4      | Killed a necrophage
  5289 | D:4      | Reached XP level 6. HP: 19/49 MP: 11/11
  5835 | D:4      | Reached skill level 4 in Spellcasting
  5835 | D:4      | Reached skill level 2 in Translocations
  6147 | D:4      | Reached skill level 2 in Conjurations
  6365 | D:4      | Reached * piety under Makhleb
  6902 | D:5      | Entered Level 5 of the Dungeon
  7211 | D:5      | You add the spells Ignite Poison and Sticky Flame to your
                  | library.
  7396 | D:5      | Gained mutation: You curl defensively after being hit. (AC
                  | +7*) [Palentonga growth]
  7396 | D:5      | Reached XP level 7. HP: 45/54 MP: 13/13
  7518 | D:5      | Reached skill level 2 in Summonings
  7825 | D:5      | HP: 13/54 [orc wizard/+0 dagger of venom (1)]
  7827 | D:5      | HP: 6/81 [poisoned by an orc wizard]
  7828 | D:5      | HP: 1/81 [poisoned by an orc wizard]
  7829 | D:5      | Gained mutation: Your magical capacity is low. (-10% MP)
                  | [potion of mutation]
  7829 | D:5      | Gained mutation: You are clumsy. (Dex -2) [potion of
                  | mutation]
  7829 | D:5      | Succumbed to an orc wizard's poison

Vanquished Creatures
  A necrophage (D:4)
  A hound (D:4)
  2 iguanas
  A scorpion zombie (D:5)
  An orc wizard (D:4)
  A hound skeleton (D:4)
  9 adders
  2 worms
  16 dart slugs
  10 orcs
  8 ball pythons
  5 endoplasms
  4 giant cockroaches
  4 goblins
  4 hobgoblins
  6 jackals
  5 quokkas
  6 bats
  4 frilled lizards
  9 kobolds
  7 rats
106 creatures vanquished.

Vanquished Creatures (collateral kills)
  A black bear (D:3)
  A gnoll (D:3)
  An endoplasm (D:3)
  A hobgoblin (D:3)
4 creatures vanquished.

Grand Total: 110 creatures vanquished

Table legend:
 A = Non-vault XP
 B = Vault XP
 C = Vault XP percentage of total XP
 D = Non-vault monster count
 E = Vault monster count
 F = Vault count percentage of total count
                 A         B        C        D         E       F
            +---------+---------+-------+---------+---------+-------
      Total |     687 |     121 |  15.0 |      83 |      27 |  24.5
            +---------+---------+-------+---------+---------+-------
        D:1 |      46 |       0 |   0.0 |      25 |       0 |   0.0
        D:2 |      40 |       0 |   0.0 |      13 |       0 |   0.0
        D:3 |     170 |      66 |  28.0 |      16 |      14 |  46.7
        D:4 |     329 |      19 |   5.5 |      21 |       4 |  16.0
        D:5 |     102 |      36 |  26.1 |       8 |       9 |  52.9
            +---------+---------+-------+---------+---------+-------

Illustrated notes

Table legend:
 A = Kills in this place as a percentage of kills in entire the game.
 B = Kills by you in this place as a percentage of kills by you in the entire game.
 C = Kills by friends in this place as a percentage of kills by friends in the entire game.
 D = Other kills in this place as a percentage of other kills in the entire game.
 E = Experience gained in this place as a percentage of experience gained in the entire game.
 F = Experience gained in this place divided by the number of levels of this place that you have seen.
                   A       B       C       D       E      F
               +-------+-------+-------+-------+-------+----------------------
         Total | 100.0 | 100.0 | 100.0 |   N/A | 100.0 | 134.7
       Dungeon | 100.0 | 100.0 | 100.0 |   N/A | 100.0 | 161.6
               +-------+-------+-------+-------+-------+----------------------

Table legend: (Time is in decaauts)
 A = Elapsed time spent in this place.
 B = Non-inter-level travel time spent in this place.
 C = Inter-level travel time spent in this place.
 D = Time resting spent in this place.
 E = Time spent auto-exploring this place.
 F = Levels seen in this place.
 G = Mean time per level.
                   A        B        C        D        E       F      G
               +--------+--------+--------+--------+--------+-----+--------+
         Total |   7880 |   7387 |    493 |   1571 |   4667 |   6 | 1313.3 |
       Dungeon |   7659 |   7188 |    471 |   1571 |   4492 |   5 | 1531.8 |
        Temple |    220 |    198 |     22 |      0 |    175 |   1 |  220.0 |
               +--------+--------+--------+--------+--------+-----+--------+

Top non-repeatable levels by time:
     D:3: 2018 daAuts
     D:4: 1902 daAuts
     D:1: 1852 daAuts
     D:2: 1078 daAuts
     D:5: 807 daAuts
  Temple: 220 daAuts
